 Dungeon Sprint DCSS version 0.21-a0-251-g5e8393f (webtiles) character file.

1733 KristoblXynda the Unseen (level 8, -7/36 HPs)
             Began as a Spriggan Enchanter on Sept 5, 2017.
             Was a Follower of Vehumet.
             Shot with an arrow by a centaur warrior (11 damage)
             ... in the Dungeon (Sprint I: "Red Sonja").
             The game lasted 00:03:32 (924 turns).

KristoblXynda the Unseen (Spriggan Enchanter)        Turns: 924, Time: 00:03:33

Health: -7/36      AC:  2    Str:  5    XL:     8   Next: 76%
Magic:  23/23      EV: 26    Int: 17    God:    Vehumet [*.....]
Gold:   391        SH:  0    Dex: 17    Spells: 18/27 levels left

rFire    . . .     SeeInvis +   e - +1 dagger (drain)
rCold    . . .     Gourm    .   (shield restricted)
rNeg     . . .     Faith    .   b - +0 robe
rPois    .         Spirit   .   (helmet restricted)
rElec    .         Reflect  .   (no cloak)
rCorr    .         Harm     .   (gloves unavailable)
MR       +....     NoTele   +   (boots unavailable)
Stlth    +++++++...             (no amulet)
HPRegen  0.12/turn              f - ring of stealth
MPRegen  0.18/turn              (no ring)

@: very quick
A: unfitting armour, see invisible, herbivore 3, speed 3, slow metabolism 2
a: Renounce Religion


You were in the Dungeon.
You worshipped Vehumet.
Vehumet was aware of your devotion.
You were not hungry.

You visited 1 branch You collected 566 gold pieces.
You spent 175 gold pieces at shops.

Inventory:

Hand Weapons
 e - a +1 dagger of draining (weapon)
Armour
 a - a +0 troll leather armour
 b - a +0 robe (worn)
Jewellery
 f - a ring of stealth (left hand)
Scrolls
 j - a scroll of blinking
 k - a scroll of vulnerability
 l - a scroll of identify
Potions
 g - a potion of haste
 h - 2 potions of magic
Books
 c - a book of Maledictions

   Spells                             Type                      Level
   a - Corona                         Hexes                        1
   b - Ensorcelled Hibernation        Hexes/Ice                    2
   c - Confuse                        Hexes                        3
   d - Tukima's Dance                 Hexes                        3
   e - Dazzling Spray                 Conjuration/Hexes            3
Comestibles
 d - a bread ration


   Skills:
 + Level 7.4 Short Blades
 + Level 0.0 Armour
 - Level 10.1 Dodging
 - Level 16.0 Stealth
 - Level 10.3 Spellcasting
 + Level 0.0 Conjurations
 + Level 12.9 Hexes


You had 18 spell levels left.
You knew the following spells:

 Your Spells              Type           Power        Failure   Level  Hunger
a - Corona                Hex            ######.      1%          1    None
b - Ensorcelled Hibernat  Hex/Ice        ####..       1%          2    None
c - Confuse               Hex            ######..     1%          3    None
d - Dazzling Spray        Conj/Hex       ####..       1%          3    None


Dungeon Overview and Level Annotations

Branches:
Dungeon (1/1)

Altars:
Cheibriados
Dithmenos
Elyvilon
Fedhas
Gozag
Hepliaklqana
Kikubaaqudgha
Makhleb
Nemelex Xobeh
Okawaru
Qazlal
Ru
Sif Muna
Trog
Uskayaw
Vehumet
Wu Jian
Xom
Yredelemnul
Zin
The Shining One
Jiyva
Lugonu

Shops:
D =[


Innate Abilities, Weirdness & Mutations

You are very small and have problems with some larger weapons.
You are too small for most types of armour.
You have supernaturally acute eyesight. (SInv)
You are a herbivore.
You cover ground extremely quickly.
You need consume almost no food.


Message History

k - a scroll of vulnerability Unknown command.
You open the door. 2 centaur warriors come into view.
There is an open door here.
You enter the shallow water.
Moving in this stuff is going to be slow.
The centaur warrior shouts!
The centaur warrior wields a shortbow.
The centaur warrior shoots an arrow.
The arrow hits you!
You hear a splash.
The centaur warrior wields a longbow.
The centaur warrior shoots an arrow.
The arrow barely misses you.
You hear a splash.
The centaur warrior shoots an arrow.
The arrow hits you!
* * * LOW HITPOINT WARNING * * *
Found a grey potion and a leather armour.
You see here an arrow.
The centaur warrior shoots an arrow.
The arrow hits you!
You die...

##################
<.#.)'..#.)'..#__#
..').#..'..#..'^.+
..#####'#####'#__####
..####..#...#.####§[#
..#__####..##.#§≈§§c#
..#_____##'#_.+§§§..+
⌠⌠#_.∩...'..._#§§§.c#
###_..__##_.#'##@####
#_____###'#.#§§§[###
#########.####§###.##
+...'..†..')∩#
#./.########## ##.##
#+#


You could see 2 centaur warriors.

Vanquished Creatures
  Sonja (D)
  A deep troll (D)
  A slime creature (D)
  Sigmund (D)
  A yak (D)
  An ogre (D)
  A jelly (D)
  Ijyb (D)
8 creatures vanquished.

Notes
Turn   | Place    | Note
-------+----------+-------------------------------------------
     0 | D        | KristoblXynda the Spriggan Enchanter began the quest for the Orb.
     0 | D        | Reached XP level 1. HP: 9/9 MP: 5/5
     2 | D        | Noticed Ijyb
    10 | D        | Killed Ijyb
    10 | D        | Reached skill level 6 in Stealth
    10 | D        | Reached skill level 5 in Hexes
    10 | D        | Reached XP level 2. HP: 4/13 MP: 5/8
   231 | D        | Learned a level 2 spell: Ensorcelled Hibernation
   288 | D        | Noticed an ogre
   296 | D        | Killed an ogre
   296 | D        | Reached skill level 9 in Stealth
   296 | D        | Reached XP level 3. HP: 16/16 MP: 0/12
   296 | D        | Reached XP level 4. HP: 21/21 MP: 0/13
   397 | D        | Learned a level 3 spell: Confuse
   398 | D        | Noticed Sigmund
   403 | D        | Killed Sigmund
   403 | D        | Reached skill level 11 in Stealth
   403 | D        | Reached XP level 5. HP: 19/24 MP: 11/17
   403 | D        | Reached XP level 6. HP: 23/28 MP: 12/19
   457 | D        | Found a deep blue altar of Sif Muna.
   458 | D        | Found an ornate altar of the Wu Jian Council.
   459 | D        | Found a radiant altar of Vehumet.
   463 | D        | Reached skill level 12 in Stealth
   493 | D        | Found Zotewkei's Jewellery Emporium.
   493 | D        | Found an ancient bone altar of Kikubaaqudgha.
   493 | D        | Found a hazy altar of Hepliaklqana.
   493 | D        | Found a hide-covered altar of Uskayaw.
   493 | D        | Found a basalt altar of Yredelemnul.
   493 | D        | Found an opulent altar of Gozag.
   493 | D        | Found a snail-covered altar of Cheibriados.
   493 | D        | Found a sacrificial altar of Ru.
   493 | D        | Found a shadowy altar of Dithmenos.
   493 | D        | Noticed a yak
   494 | D        | Found a stormy altar of Qazlal.
   494 | D        | Found a blossoming altar of Fedhas.
   494 | D        | Found a bloodstained altar of Trog.
   494 | D        | Found an iron altar of Okawaru.
   494 | D        | Found a glowing golden altar of the Shining One.
   494 | D        | Found a glowing silver altar of Zin.
   494 | D        | Found a white marble altar of Elyvilon.
   495 | D        | Killed a yak
   495 | D        | Reached skill level 13 in Stealth
   495 | D        | Reached skill level 10 in Spellcasting
   495 | D        | Reached skill level 10 in Hexes
   497 | D        | Became a worshipper of Vehumet
   503 | D        | Found a viscous altar of Jiyva.
   503 | D        | Found a corrupted altar of Lugonu.
   503 | D        | Noticed a slime creature
   504 | D        | Found a burning altar of Makhleb.
   504 | D        | Found a shimmering altar of Xom.
   782 | D        | Noticed Sonja
   786 | D        | Killed Sonja
   786 | D        | Reached skill level 5 in Short Blades
   786 | D        | Reached skill level 14 in Stealth
   786 | D        | Reached XP level 7. HP: 30/32 MP: 21/21
   786 | D        | Reached XP level 8. HP: 34/36 MP: 23/23
   801 | D        | Noticed a deep troll
   805 | D        | Killed a deep troll
   805 | D        | Reached skill level 15 in Stealth
   822 | D        | Found Qoicu's Armour Emporium.
   844 | D        | Found a sparkling altar of Nemelex Xobeh.
   851 | D        | Bought an uncursed ring of stealth for 175 gold pieces
   882 | D        | Killed a slime creature
   882 | D        | Reached * piety under Vehumet
   882 | D        | Offered knowledge of Magic Dart by Vehumet.
   882 | D        | Reached skill level 10 in Dodging
   882 | D        | Reached skill level 16 in Stealth
   887 | D        | Learned a level 3 spell: Dazzling Spray
   922 | D        | Noticed a centaur warrior
   922 | D        | Noticed a centaur warrior
   924 | D        | Shot with an arrow by a centaur warrior

Vault maps used:
D:        dungeon_sprint_1

Skill      XL: |  1  2  3  4  5  6  7  8 |
---------------+-------------------------+-----
Stealth        | 6 9 11 14 16 | 16.0
Spellcasting   | 4 6 9 10 | 10.3
Hexes          | 5 7 9 11 12 | 12.9
Short Blades   | 5 7 |  7.4
Dodging        | 7 10 | 10.1

Action                   |  1- 3 |  4- 6 |  7- 9 || total
-------------------------+-------+-------+-------++-------
Melee: Dagger            |     7 |    26 |     6 ||    39
 Cast: Ensorcelled Hiber |     4 |     2 |       ||     6
       Confuse           |       |     3 |     1 ||     4
  Use: Potion            |     1 |     2 |       ||     3
       Scroll            |       |       |     1 ||     1
 Stab: Sleeping          |     2 |     4 |     1 ||     7
       Confused          |       |     1 |     2 ||     3
Armor: Robe              |     1 |       |       ||     1
Dodge: Dodged            |     2 |     6 |     1 ||     9

Table legend:
 A = Spawn XP
 B = Non-spawn XP
 C = Spawn XP percentage of total XP
 D = Spawn monster count
 E = Non-spawn monster count
 F = Spawn count percentage of total count
 G = Total turns spent on level
                    A         B        C        D         E        F      G
               +---------+---------+-------+---------+---------+-------+---------
         Total |       0 |    2476 |   0.0 |       0 |       8 |   0.0 |   924
               +---------+---------+-------+---------+---------+-------+---------
             D |       0 |    2476 |   0.0 |       0 |       8 |   0.0 |   924
               +---------+---------+-------+---------+---------+-------+---------
